[Event "35th Roquetas Festival 2024"]
[Site "Roquetas de Mar"]
[Date "2024.01.05"]
[Round "6.24"]
[White "Hernandez Mullor, Francisco"]
[Black "Revaliente Montoya, Ciro"]
[Result "0-1"]
[ECO "D29"]
[WhiteElo "1995"]
[BlackElo "2263"]
[Annotator "RC"]
[PlyCount "42"]
[EventDate "2024.01.02"]
[EventType "swiss"]
[EventCountry "ESP"]
[SourceTitle "playchess.com"]
[Source "ChessBase"]
[SourceQuality "1"]
[TimeControl "5400+30"]

1. d4 d5 2. c4 e6 3. Nf3 Nf6 4. Nc3 dxc4 5. e3 a6 6. Bxc4 b5 7. Bb3 Bb7 8. O-O Nbd7 9. Qe2 c5 10. Rd1 Bd6 11. e4 cxd4 12. Nxd4 Qb8 13. h3 b4 14. Na4 Nxe4 15. Nxe6 fxe6 16. Bxe6 Ndf6 17. Nb6 Bh2+ 18. Kh1 Qe5 19. Be3 Qxe6 20. Nxa8 Bb8 21. Nb6 Nc3 0-1

[Event "35th Roquetas Festival 2024"]
[Site "Roquetas de Mar"]
[Date "2024.01.05"]
[Round "6.25"]
[White "Vingris, Mikelis"]
[Black "Maldonado Mena, German"]
[Result "1-0"]
[ECO "B88"]
[WhiteElo "2248"]
[BlackElo "2074"]
[Annotator "ChessBase"]
[PlyCount "67"]
[EventDate "2024.01.02"]
[EventType "swiss"]
[EventCountry "ESP"]
[SourceTitle "playchess.com"]
[Source "ChessBase"]
[SourceQuality "1"]
[TimeControl "5400+30"]

1. e4 c5 2. Nf3 Nc6 3. d4 cxd4 4. Nxd4 Nf6 5. Nc3 d6 6. Bc4 e6 7. Bb3 a6 8. O-O Be7 9. Be3 O-O 10. f4 Na5 11. e5 Ne8 12. Qf3 Nxb3 13. axb3 f6 14. exf6 Nxf6 15. Rad1 Kh8 16. f5 e5 17. Ne6 Bxe6 18. fxe6 Qc8 19. Qh3 Qc6 20. Bg5 Rae8 21. Bxf6 Rxf6 22. Rxf6 Bxf6 23. Kh1 e4 24. Qf5 e3 25. Nd5 Qb5 26. Re1 Be5 27. c4 Qa5 28. Rf1 Rg8 29. Qf7 h6 30. b4 Qa4 31. Nxe3 Qe8 32. Nd5 Bxb2 33. Nc7 Qc8 34. e7 1-0

[Event "35th Roquetas Festival 2024"]
[Site "Roquetas de Mar"]
[Date "2024.01.05"]
[Round "6.26"]
[White "Moral Garcia, Serafin"]
[Black "Roquero Redondo, Miguel"]
[Result "1-0"]
[ECO "A14"]
[WhiteElo "2246"]
[BlackElo "1988"]
[Annotator "RC"]
[PlyCount "59"]
[EventDate "2024.01.02"]
[EventType "swiss"]
[EventCountry "ESP"]
[SourceTitle "playchess.com"]
[Source "ChessBase"]
[SourceQuality "1"]
[TimeControl "5400+30"]

1. c4 e6 2. g3 Nf6 3. Bg2 d5 4. Nf3 Be7 5. O-O O-O 6. b3 b6 7. Bb2 Bb7 8. cxd5 exd5 9. d4 Nbd7 10. Nc3 c5 11. dxc5 bxc5 12. Ne1 Nb6 13. Nd3 Qc8 14. Rc1 d4 15. Bxb7 Qxb7 16. Nb1 Rac8 17. Nd2 Rfd8 18. Re1 h5 19. Rc2 h4 20. e4 dxe3 21. Rxe3 Nbd5 22. Re1 Nb6 23. Ne5 c4 24. bxc4 Bb4 25. Ng4 Ne4 26. Qf3 Rxd2 27. Rxd2 Bxd2 28. Rxe4 Qd7 29. Nf6+ gxf6 30. Qxf6 1-0

[Event "35th Roquetas Festival 2024"]
[Site "Roquetas de Mar"]
[Date "2024.01.06"]
[Round "7.1"]
[White "Stremavicius, Titas"]
[Black "Suarez Uriel, Adrian"]
[Result "1-0"]
[ECO "D78"]
[WhiteElo "2543"]
[BlackElo "2365"]
[Annotator "TA"]
[PlyCount "87"]
[EventDate "2024.01.02"]
[EventType "swiss"]
[EventCountry "ESP"]
[SourceTitle "playchess.com"]
[Source "ChessBase"]
[SourceQuality "1"]
[TimeControl "5400+30"]

1. d4 Nf6 2. Nf3 g6 3. g3 Bg7 4. Bg2 O-O 5. O-O d5 6. c4 c6 7. b3 a5 8. Nc3 Ne4 9. Bb2 Bf5 10. e3 Nxc3 {[%emt 0:00:48] D78: Fianchetto Grünfeld: 6 0-0 c6.} 11. Bxc3 Be4 12. Qe2 {[%emt 0:12:12] [#]} Qb6 $146 {[%emt 0:08:06] The position is equal.} ({Predecessor:} 12... e6 13. Rfd1 Nd7 14. Bf1 Bxf3 15. Qxf3 Nc5 16. Be1 Ne4 17. Qe2 Re8 18. a3 Nd6 {½-½ Duda,J (2750)-Wojtaszek,R (2708) FTX Road to Miami Prelim 2022 (3)}) 13. Bh3 Qa6 14. Ng5 Bf5 15. Bxf5 gxf5 16. Qh5 h6 17. Nf3 dxc4 18. Qxf5 b5 19. bxc4 {[%emt 0:03:41] Strongly threatening Rac1. White has more active pieces.} b4 20. Bd2 Qxc4 21. Rfc1 Qd5 22. Qxd5 cxd5 23. a3 $2 (23. Rc5 $1 $16 {stays on course.}) 23... b3 $17 {[%emt 0:06:09] And now ...b2 would win.} 24. Rc5 a4 25. Rxd5 {[%emt 0:00:05] [#]} Rc8 (25... e6 $1 $17 26. Rb5 Nd7) 26. Kf1 (26. Rc1 $11 Re8 27. Rb5) 26... e6 {[%emt 0:07:16][%mdl 1024] Black has strong compensation.} 27. Rb5 Nd7 28. Ke2 Bf8 ({Much weaker is} 28... Rc2 29. Ne1 Rb2 30. Nd3 $11) 29. Kd3 Rcb8 (29... Rc2 $17) 30. Rxb8 $11 Rxb8 31. Bc3 Nf6 (31... b2 $11 {keeps the balance.} 32. Rb1 Bxa3) 32. Bb2 $16 Ng4 {[%emt 0:00:04] [#]} 33. Ke2 Rc8 {[%emt 0:02:38] ...Rc2+ would be deadly.} 34. Rc1 Rxc1 35. Bxc1 {[%emt 0:00:05][%mdl 4096] Endgame KBN-KBN} f5 36. Nd2 Nf6 37. Nc4 Ne4 (37... Nd5 {was worth a try.} 38. Kd3 h5) 38. Bb2 $18 Nd6 $2 (38... Kf7 39. Nb6 Nd6) 39. Nxd6 {[%emt 0:01:19] White is clearly winning.} Bxd6 40. Kd3 Bc7 41. Kc4 Ba5 42. Kb5 Be1 43. f3 Bf2 44. e4 {[%emt 0:00:33] Weighted Error Value: White=0.18 (very precise) /Black=0.27 (precise)} 1-0

[Event "35th Roquetas Festival 2024"]
[Site "Roquetas de Mar"]
[Date "2024.01.06"]
[Round "7.2"]
[White "Grigoryan, Karen H."]
[Black "Sosa, Tomas"]
[Result "1-0"]
[ECO "D30"]
[WhiteElo "2643"]
[BlackElo "2554"]
[Annotator "TA"]
[PlyCount "116"]
[EventDate "2024.01.02"]
[EventType "swiss"]
[EventCountry "ESP"]
[SourceTitle "playchess.com"]
[Source "ChessBase"]
[SourceQuality "1"]
[TimeControl "5400+30"]

1. d4 d5 2. c4 e6 3. Nf3 Nf6 4. e3 c5 5. Nc3 a6 6. cxd5 exd5 7. g3 {D40: Queen's Gambit Declined: Semi-Tarrasch with 5 e3.} Nc6 {7...c4 is the fancy move.} 8. Bg2 c4 9. Ne5 {The position is equal.} Bb4 10. Bd2 O-O 11. O-O Re8 12. Nxc6 bxc6 13. b3 {[#]} cxb3 $146 ({Predecessor:} 13... a5 14. Qc2 h5 15. bxc4 Ba6 16. Na4 Bxc4 17. Rfb1 Bxd2 18. Qxd2 Bb5 19. Nc3 Bc4 20. Na4 Bb5 21. Nc3 Bc4 {½-½ Fressinet,L (2622)-Jones,G (2626) Bundesliga 2223 2022 (13.8)}) 14. axb3 Bd6 15. Qc2 Bd7 16. e4 dxe4 17. Nxe4 Be7 18. Nxf6+ Bxf6 19. Be3 (19. Bxc6 Rc8 20. Rxa6 Re2 $17) 19... a5 20. Rfc1 Qe7 21. Qc5 (21. Bxc6 $2 Rac8 22. d5 Bxa1 23. Rxa1 Qf6 $19) 21... Reb8 22. Rxa5 Rxa5 23. Qxa5 Rxb3 24. Qa8+ (24. Bxc6 Bxc6 25. Rxc6 Rb1+ 26. Bc1 g6 $14) 24... Qe8 25. Qxe8+ Bxe8 26. Bxc6 Bxc6 27. Rxc6 $16 {[%mdl 4096] Endgame White wants to mate with Rc8+. KRB-KRB} Kf8 28. Rc7 Ke8 29. Kg2 Rb4 30. d5 Bd4 31. Bc1 Rb5 32. d6 $1 Rd5 33. Ba3 ({Better is} 33. Re7+ $16 Kd8 34. Rxf7) 33... f5 34. h4 {White is more active.} Ra5 35. Bc1 {Hoping for Bg5.} h6 {Wards off Bg5} (35... Rd5 $16 {keeps fighting.}) 36. Re7+ ({White should try} 36. Be3 $18 Bf6 37. d7+ Ke7 38. Bc5+ Ke6 39. h5) 36... Kd8 {[%mdl 8192] This move loses the game for Black.} (36... Kf8 $16 37. Bf4 Bf6) 37. Be3 $1 $18 Bxe3 (37... Ra6 $142 38. Bxd4 Rxd6 39. Rxg7 Rxd4) 38. fxe3 {KR-KR} (38. Rxe3 g5 39. Re6 gxh4 $16) 38... g5 39. Rh7 Re5 40. Rxh6 gxh4 (40... g4 $142 41. Rh7 Re6) 41. gxh4 Rxe3 42. h5 {White mates.} Kd7 43. Rg6 f4 44. h6 Re5 45. Rf6 Rh5 46. Kf3 ({Stronger than} 46. Rxf4 Rxh6 47. Rf7+ Kxd6 $11) 46... Rh4 47. Ke4 $1 ({And not} 47. Rxf4 Rxh6 48. Kg4 Kxd6 $11) 47... Kc6 {[#]} 48. Kf5 $1 ({Weaker is} 48. Rxf4 Rxh6 49. Rg4 Rxd6 $11) 48... f3 49. Kg6 Rh2 50. Rxf3 Rg2+ 51. Kf7 Kxd6 52. h7 Rh2 53. Kg8 Rg2+ {[#]} 54. Kf8 $1 Rh2 55. Rf7 Ke6 56. Kg8 Rd2 57. h8=Q Rd8+ 58. Rf8 Kd5 {Weighted Error Value: White=0.04 (flawless) /Black=0.32} 1-0

[Event "35th Roquetas Festival 2024"]
[Site "Roquetas de Mar"]
[Date "2024.01.06"]
[Round "7.3"]
[White "Peng, Li Min"]
[Black "Macias Pino, Diego"]
[Result "1/2-1/2"]
[ECO "A61"]
[WhiteElo "2575"]
[BlackElo "2456"]
[Annotator "TA"]
[PlyCount "33"]
[EventDate "2024.01.02"]
[EventType "swiss"]
[EventCountry "ESP"]
[SourceTitle "playchess.com"]
[Source "ChessBase"]
[SourceQuality "1"]
[TimeControl "5400+30"]

1. d4 Nf6 2. c4 e6 3. Nc3 c5 4. d5 exd5 5. cxd5 d6 6. Nf3 g6 7. Bf4 Bg7 8. h3 {[%emt 0:00:17] A61: Modern Benoni: Nf3 without early e4.} O-O 9. e3 Na6 10. Bxa6 {[%emt 0:13:53] The position is equal. The modern move.} bxa6 11. O-O Rb8 12. Qe2 {[%emt 0:05:49] [#]} Nh5 $146 ({Predecessor:} 12... Re8 13. Rac1 Rb4 14. Bh2 Qb6 15. b3 a5 16. Rfd1 Ba6 17. Qc2 Nd7 18. Nd2 Qb8 19. a3 Rb6 20. Nc4 Bxc4 21. bxc4 Rb2 22. Qa4 Nb6 23. Qxa5 Nxc4 {½-½ Bluebaum,M (2633)-Chabanon,J (2452) FRA-chT Top 12 2016 (8.2)}) 13. Bg5 (13. Bh2 $1 $11) 13... Nf6 (13... Qe8 $15) 14. Bf4 Nh5 15. Bg5 (15. Bh2 $11) 15... Nf6 (15... Qe8 $15) 16. Bf4 Nh5 17. Bg5 {A rather calm draw.   Weighted Error Value: White=0.34/Black=0.33} ({Better is} 17. Bh2 $11) 1/2-1/2

[Event "35th Roquetas Festival 2024"]
[Site "Roquetas de Mar"]
[Date "2024.01.06"]
[Round "7.4"]
[White "Bernadskiy, Vitaliy"]
[Black "Fiorito, Francisco"]
[Result "1-0"]
[ECO "A05"]
[WhiteElo "2566"]
[BlackElo "2370"]
[Annotator "TA"]
[PlyCount "93"]
[EventDate "2024.01.02"]
[EventType "swiss"]
[EventCountry "ESP"]
[SourceTitle "playchess.com"]
[Source "ChessBase"]
[SourceQuality "1"]
[TimeControl "5400+30"]

1. Nf3 Nf6 2. c4 b6 3. g3 Bb7 4. Bg2 g6 5. b3 Bg7 6. Bb2 c5 7. O-O O-O 8. d4 cxd4 9. Qxd4 d6 {[%emt 0:01:11] 9...d6 is better than 9...Nc6. A30: Symmetrical English: Double Fianchetto and Hedgehog.} 10. Qh4 {[%emt 0:05:55] And now Ng5 would win.} Nbd7 11. Nc3 h6 {[%emt 0:08:28] The position is equal.} 12. Rfd1 Rc8 13. Rac1 a6 {[%emt 0:06:15] [#]} 14. Qf4 $146 ({Predecessor:} 14. Nd5 Nxd5 15. Bxg7 Kxg7 16. cxd5 Rxc1 17. Rxc1 Bxd5 18. Qd4+ Nf6 19. Qd2 b5 20. Qd4 {0-1 Harsha,B (2572)-Arabidze,M (2422) Titled Tuesday intern op 27th Sep Early blitz 2022 (8)}) 14... Rc7 15. Ne1 Qa8 16. Nd5 Nxd5 17. cxd5 Rxc1 18. Qxc1 (18. Bxc1 {simplifies} h5 19. e4 a5 20. Nf3) 18... Rc8 19. Qd2 Bxb2 20. Qxb2 a5 21. Qd2 h5 22. Bh3 Rc7 23. Bxd7 Rxd7 24. Qd4 b5 25. e4 Rc7 {[%emt 0:01:56] Prevents Rc1.} 26. Qb6 Rc5 27. Ng2 b4 28. Ne3 Qc8 29. Kg2 (29. Qa7 $11) 29... Ba6 $15 30. h3 f6 31. Qa7 Kf7 32. g4 {[%emt 0:01:23] [#]} h4 $1 33. Qb6 Be2 34. Rd2 Ba6 ({Better is} 34... Bb5 $17) 35. g5 $2 fxg5 $17 36. e5 {[%emt 0:00:09] [#]} Qb7 $1 (36... dxe5 37. Ng4 Rc3 38. Qxa5 $11) 37. Qd8 (37. Qxb7 $142 Bxb7 38. e6+ Kg7 39. Kf3) 37... dxe5 $4 (37... Rc8 $19 {avoids the disaster.} 38. e6+ Kf6) 38. Qh8 $18 g4 $2 (38... Qc8 $2 39. Qh7+ (39. Qxe5 Bb7 $16) 39... Ke8 40. d6 (40. Qg8+ Kd7 $18) 40... Qc6+ 41. Nd5 Qxd6 42. Nc7+ Rxc7 43. Rxd6 $18) (38... Bb5 39. Kh2 (39. Qxe5 Qa6 $15) (39. Qh7+ Ke8 $18) 39... Bd7) 39. hxg4 {[%emt 0:02:07] Black must now prevent Qh7+.} (39. Qxe5 gxh3+ 40. Kxh3 Qc8+ 41. Kxh4 Rc1 $11) 39... e6 $2 (39... Qc7 {is a better defense.} 40. Qh7+ {[%mdl 64] Deflection} (40. Qxh4 Qd6 $14) 40... Kf8) 40. Qxe5 (40. Qh7+ $142 Kf6 41. Qxh4+ Kg7 42. Qg5) 40... exd5 $2 (40... Qe7) 41. Rd4 {[%emt 0:00:02] Rf4+ would be deadly.} (41. Rxd5 Rc6 42. Kh3 (42. Rxa5 $2 {too greedy.} Rc5+ {[%mdl 64] Discovered Attack} 43. Nd5 Rxa5 $19) 42... Re6 43. Qf4+ Rf6 $18) 41... Kg8 {[%emt 0:00:47] Against Rf4} 42. Qe6+ ({Not} 42. Rxd5 Rxd5 43. Nxd5 Bd3 $16) 42... Kg7 43. g5 {[%emt 0:01:16] Hoping for Qf6+.} (43. Rxd5 Rxd5 44. Nxd5 Bd3 $16) 43... h3+ 44. Qxh3 {[%emt 0:00:05] Qh6+ is the strong threat.} Qf7 45. Rh4 {[%emt 0:00:21] White mates.} Qg8 46. Qd7+ Qf7 {[%emt 0:00:05] [#]} 47. Rh7+ $3 {[%emt 0:00:04][%mdl 576] Skewer. An entertaining game by Bernadskiy.   Weighted Error Value: White=0.40/Black=0.72} 1-0

[Event "35th Roquetas Festival 2024"]
[Site "Roquetas de Mar"]
[Date "2024.01.06"]
[Round "7.5"]
[White "Fernandez, Daniel Howard"]
[Black "Vergara Anton, Diego"]
[Result "1/2-1/2"]
[ECO "C00"]
[WhiteElo "2525"]
[BlackElo "2346"]
[Annotator "TA"]
[PlyCount "93"]
[EventDate "2024.01.02"]
[EventType "swiss"]
[EventCountry "ESP"]
[SourceTitle "playchess.com"]
[Source "ChessBase"]
[SourceQuality "1"]
[TimeControl "5400+30"]

1. e4 e6 2. g3 d5 3. Bg2 dxe4 4. Bxe4 Nf6 5. Bg2 Be7 6. d4 {[%emt 0:00:42] C00: French: Unusual White 2nd moves.} c5 {[%emt 0:01:45] [#]} 7. Nf3 $146 ({Predecessor:} 7. c3 Nc6 8. dxc5 Qxd1+ 9. Kxd1 Bxc5 10. Be3 Bxe3 11. fxe3 e5 12. Nd2 Bf5 13. e4 {0-1 Bergmann,J (1878)-Foerster,J (2330) Berlin Lichtenberger op 16th 2017 (1)}) 7... Nc6 8. dxc5 (8. c3 $11) 8... Qxd1+ $15 ({Reject} 8... Bxc5 9. Qxd8+ Nxd8 10. Nc3 $11) 9. Kxd1 Bxc5 10. Ke2 e5 {[%emt 0:03:52] Hoping for ...e4.} 11. Be3 Bxe3 12. Kxe3 (12. fxe3 $142 Bf5 13. Rc1) 12... Bf5 (12... Ng4+ $17 13. Ke2 e4) 13. Na3 O-O-O (13... Nd5+ {simplifies} 14. Ke2 O-O-O 15. Rhe1 f6) 14. Rhd1 Nd5+ 15. Rxd5 $1 Rxd5 16. Nh4 {[%emt 0:00:08][%csl LRd5,LRf5] [#]} Ne7 {[%emt 0:00:26] ...Rdd8 would be deadly.} 17. Bxd5 Nxd5+ 18. Kd2 Bg4 19. f3 Bh3 {[%emt 0:04:38] aiming for ...g5.} 20. Nc4 {[%emt 0:06:01] [#]} ({Better is} 20. Rg1 $1 $15) 20... f6 (20... Rd8 $1 $17 {Strongly threatening ...Nb6+.} 21. g4 (21. Nxe5 $2 {loses.} f6 $19) 21... Nb6+ {[%mdl 64] Discovered Attack} 22. Kc3 Nxc4 23. Kxc4 h5) 21. Nf5 $11 {[%emt 0:12:04][%mdl 64] Decoy} Bxf5 22. Nd6+ Kc7 23. Nxf5 {[%emt 0:00:04][%mdl 4096] Endgame KRN-KRN} g6 24. Ne3 Rd8 25. h4 f5 26. Ke2 {[%emt 0:02:57] The position is equal.} Nxe3 27. Kxe3 {[%emt 0:00:03] KR-KR} Rd5 28. a4 Rd4 29. c3 Rd7 30. h5 e4 31. fxe4 Re7 32. hxg6 Rxe4+ 33. Kf3 hxg6 34. a5 g5 35. Rh1 g4+ 36. Kf2 f4 37. gxf4 Rxf4+ 38. Kg3 Rf5 39. Rh7+ Kb8 40. a6 bxa6 41. Kxg4 Rf2 42. b3 a5 43. Rh5 Rb2 44. Rb5+ Kc7 45. Kf4 a6 46. Rxa5 Rxb3 47. Rxa6 {Weighted Error Value: White=0.11 (very precise) /Black=0.09 (flawless)} 1/2-1/2

[Event "35th Roquetas Festival 2024"]
[Site "Roquetas de Mar"]
[Date "2024.01.06"]
[Round "7.6"]
[White "Korneev, Oleg"]
[Black "Macak, Stefan"]
[Result "1-0"]
[ECO "B90"]
[WhiteElo "2474"]
[BlackElo "2354"]
[Annotator "TA"]
[PlyCount "94"]
[EventDate "2024.01.02"]
[EventType "swiss"]
[EventCountry "ESP"]
[SourceTitle "playchess.com"]
[Source "ChessBase"]
[SourceQuality "1"]
[TimeControl "5400+30"]

1. e4 c5 2. Nf3 d6 3. d4 cxd4 4. Nxd4 Nf6 5. Nc3 a6 6. Be3 e5 7. Nf3 Be7 8. Bc4 Be6 9. Bb3 {[%emt 0:00:03] B90: Sicilian Najdorf: Unusual White 6th moves, 6 Be3 Ng4 and 6 Be3 e5.} Nbd7 10. Bg5 Rc8 11. O-O {[%emt 0:01:40] The position is equal.} b5 12. a3 O-O 13. Re1 h6 14. Bxf6 Nxf6 {[%emt 0:00:45] [#]} 15. Re2 $146 ({Predecessor:} 15. Nd2 Bg4 16. f3 Qb6+ 17. Kh1 Be6 18. Nf1 Rc5 19. Ne3 Rfc8 20. Re2 Rxc3 21. bxc3 Rxc3 {0-1 Carlsen,M (2861)-Vachier Lagrave,M (2780) Abidjan GCT blitz 2019 (2)}) 15... Qb6 16. Nd5 Nxd5 17. Bxd5 Rc5 18. Bb3 Bg4 19. Qd3 Kh8 20. h3 Bh5 21. Rd1 a5 22. c3 b4 23. cxb4 {Black is weak on the light squares} axb4 24. a4 Rfc8 25. Ree1 R8c6 26. Ra1 Qa6 (26... Kg8 $14) 27. Qxa6 $16 Rxa6 28. Nd2 (28. Rec1 $1 $16) 28... f6 ({Black should play} 28... Bg5 $14 29. Nf1 Bg6) 29. Bc4 Ra7 30. b3 Bd8 31. Nf1 Bb6 32. Ne3 Rca5 33. Nf5 Bc5 34. g4 {[%emt 0:00:05] White is more active.} Bg6 35. Rad1 Bxf5 36. exf5 Ra8 37. Rd5 Rc8 38. Kg2 Kh7 39. Kf3 (39. f4 $142) 39... Raa8 40. Re2 g5 41. Ra2 Ra5 42. Bb5 Kg7 43. Rc2 {[%emt 0:00:15] Black must now prevent Rxd6.} Ra7 $2 {[%emt 0:01:41] [#]} (43... Raa8 $14) 44. Bc6 $4 Rb8 $2 {[%emt 0:00:49] [#]} (44... Rxc6 $19 45. Rc4 Ra8) 45. Bb7 $2 Kf7 $2 (45... Rbxb7 $2 {is the wrong capture.} 46. Ke4 $19) ({Better is} 45... Raxb7 $19 46. Ke4 Ra7) 46. a5 $2 Bb6 $4 (46... Rbxb7 $19 {and all is fine.} 47. Ra2 Rb5) 47. a6 Bc5 {[%emt 0:00:23] Weighted Error Value: White=0.50/Black=0.59} 1-0

[Event "35th Roquetas Festival 2024"]
[Site "Roquetas de Mar"]
[Date "2024.01.06"]
[Round "7.7"]
[White "Raczek, Krzysztof"]
[Black "Espinosa Aranda, Angel"]
[Result "1/2-1/2"]
[ECO "A34"]
[WhiteElo "2347"]
[BlackElo "2431"]
[Annotator "RC"]
[PlyCount "47"]
[EventDate "2024.01.02"]
[EventType "swiss"]
[EventCountry "ESP"]
[SourceTitle "playchess.com"]
[Source "ChessBase"]
[SourceQuality "1"]
[TimeControl "5400+30"]

1. c4 c5 2. Nc3 Nf6 3. Nf3 d5 4. cxd5 Nxd5 5. e3 Nc6 6. Bb5 Nxc3 7. dxc3 Bd7 8. e4 Qc7 9. O-O e6 10. Qe2 a6 11. Ba4 Be7 12. Bc2 Bd6 13. Be3 Rd8 14. Rad1 Ne5 15. Nxe5 Bxe5 16. Qh5 b6 17. f4 Bf6 18. e5 Be7 19. Rf2 g6 20. Qh6 Bf8 21. Qh4 Be7 22. Qh6 Bf8 23. Qh4 Be7 24. Qh6 1/2-1/2

[Event "35th Roquetas Festival 2024"]
[Site "Roquetas de Mar"]
[Date "2024.01.06"]
[Round "7.8"]
[White "Fiorito, Joaquin"]
[Black "Shamatava, Nikolozi"]
[Result "1-0"]
[ECO "A45"]
[WhiteElo "2401"]
[BlackElo "2088"]
[Annotator "RC"]
[PlyCount "93"]
[EventDate "2024.01.02"]
[EventType "swiss"]
[EventCountry "ESP"]
[SourceTitle "playchess.com"]
[Source "ChessBase"]
[SourceQuality "1"]
[TimeControl "5400+30"]

1. d4 Nf6 2. Nc3 d5 3. Bf4 c5 4. e3 cxd4 5. exd4 a6 6. Nf3 Bf5 7. Ne5 Nc6 8. g4 Be6 9. f3 Rc8 10. Qd2 h5 11. g5 Nd7 12. Nxc6 Rxc6 13. g6 fxg6 14. Bd3 Bf7 15. Ne2 e5 16. dxe5 Bc5 17. O-O-O O-O 18. Rhe1 Qb6 19. Kb1 Nxe5 20. Rf1 Nc4 21. Bxc4 dxc4 22. Be5 Rcc8 23. Nc3 Qa5 24. Qg5 Bb4 25. f4 Rfd8 26. Rde1 Re8 27. Qg3 Bxc3 28. Bxc3 Qf5 29. Be5 Be6 30. Qc3 Qf7 31. Rg1 Bg4 32. h3 Bf5 33. Rg5 Rcd8 34. Reg1 Rd7 35. a3 Qe6 36. R5g2 Ree7 37. Re1 b5 38. Rgg1 Qd5 39. Kc1 Qc6 40. Rg3 Qb6 41. Rge3 Qc6 42. R3e2 Qd5 43. Kb1 Re8 44. Qb4 Bxh3 45. Bxg7 Kxg7 46. Rxe8 Rf7 47. Qc3+ 1-0

[Event "35th Roquetas Festival 2024"]
[Site "Roquetas de Mar"]
[Date "2024.01.06"]
[Round "7.9"]
[White "Habans Aguerrea, Javier"]
[Black "Camacho Collados, Jose"]
[Result "1-0"]
[ECO "A21"]
[WhiteElo "2368"]
[BlackElo "2381"]
[Annotator "RC"]
[PlyCount "117"]
[EventDate "2024.01.02"]
[EventType "swiss"]
[EventCountry "ESP"]
[SourceTitle "playchess.com"]
[Source "ChessBase"]
[SourceQuality "1"]
[TimeControl "5400+30"]

1. c4 e5 2. Nc3 Bb4 3. Qc2 Nf6 4. Nf3 Nc6 5. e3 O-O 6. Nd5 a5 7. a3 Bc5 8. Ng5 g6 9. Nxf6+ Qxf6 10. Ne4 Qe7 11. Nxc5 Qxc5 12. b3 d5 13. Bb2 Re8 14. Bd3 Be6 15. Rc1 d4 16. O-O Rad8 17. Be4 Rd7 18. Rfe1 Red8 19. h3 Qe7 20. Bxc6 bxc6 21. exd4 exd4 22. Re5 c5 23. Rce1 Rb8 24. a4 Qd6 25. Ba3 Qb6 26. Rb1 f6 27. Rxc5 Kg7 28. Rb5 Qa7 29. Bc5 Qa8 30. Rxb8 Qxb8 31. Re1 Bf5 32. d3 h5 33. Qb2 Qd8 34. Qe2 h4 35. Qf3 Qb8 36. Qc6 Kf7 37. Re4 Qd8 38. Rf4 Qe8 39. Rxh4 g5 40. Rxd4 Rxd4 41. Qxe8+ Kxe8 42. Bxd4 Ke7 43. Bc3 Bxd3 44. Bxa5 c5 45. Bb6 Bc2 46. Bxc5+ Ke6 47. b4 Bxa4 48. b5 f5 49. Be3 f4 50. Bd4 Kf5 51. f3 Ke6 52. b6 Bc6 53. c5 Bb7 54. Bg7 Kf7 55. Be5 Ke6 56. Bd6 Bc6 57. Kh2 Bb7 58. h4 gxh4 59. Kh3 1-0